Map: Moebius Facility XX-1

Players

Semper - Winner!

  • Race: Terran Terran
  • League: Grandmaster
  • Spawn Location: 1:00

poizon - Winner!

  • Race: Protoss Protoss
  • League: Diamond
  • Spawn Location: 12:00

Lightning

  • Race: Protoss Protoss
  • Spawn Location: 11:00

NightEnD

  • Race: Protoss Protoss
  • Spawn Location: 12:00

VOD

Have the link to the VOD?

Description

Time

  • Played on: Aug. 23, 2016, 11:36 a.m.
  • Length: 11:30
Show
View Real Time Build Order
Export as new Build Order

Semper Terran - Winner!

Build Orders: 1/1/1, Liberator Opening 

Get SALT Encoding   

  12  0:01  SCV  
  13  0:13  SCV  
  14  0:20  Supply Depot  
  14  0:25  SCV  
  15  0:28  Refinery  
  15  0:42  SCV  
  16  0:45  Barracks  
  16  0:54  SCV  
  17  1:02  Refinery  
  17  1:06  SCV  
  18  1:22  SCV  
  19  1:34  Orbital Command, Marine  
  19  1:38  Factory  
  20  1:52  Supply Depot, Barracks Reactor  
  20  2:00  SCV  
  21  2:12  SCV  
  22  2:15  Bunker  
  22  2:23  Starport  
  22  2:24  Widow Mine  
  22  2:27  SCV  
  25  2:30  Marine x2  
  27  2:38  Supply Depot  
  27  2:39  SCV  
  28  2:48  Marine  
  28  2:49  Marine  
  30  2:54  SCV  
  30  2:55  Factory Tech Lab  
  31  3:06  SCV  
  31  3:07  Marine x2  
  32  3:13  Medivac  
  32  3:18  SCV  
  35  3:20  Siege Tank  
  35  3:26  Supply Depot  
  38  3:30  Liberator  
  38  3:35  SCV  
  39  3:47  Marine x2  
  44  3:54  SCV  
  45  4:06  Siege Tank  
  47  4:11  SCV  
  47  4:16  Supply Depot  
  46  4:28  Marine x2  
  46  4:29  SCV  
  49  4:37  Command Center  
  49  4:42  Supply Depot  
  49  4:43  Siege Tank  
  52  4:47  Starport Tech Lab  
  52  4:55  Marine  
  52  4:56  Marine  
  52  4:59  SCV  
  55  5:07  Banshee, Cloaking Field  
  55  5:13  Marine  
  59  5:19  Siege Tank  
  59  5:20  Marine  
  63  5:30  SCV  
  64  5:40  Marine x2  
  66  5:50  Banshee  
  66  5:51  Orbital Command  
  66  5:52  SCV  
  70  6:04  Marine x2  
  70  6:06  SCV  
  70  6:09  Supply Depot  
  70  6:13  Engineering Bay  
  70  6:18  SCV  
  70  6:22  Siege Tank  
  74  6:28  SCV  
  74  6:31  Refinery  
  74  6:32  Refinery  
  75  6:37  Barracks, Barracks Tech Lab  
  75  6:46  SCV  
  73  6:47  Raven  
  73  6:53  Barracks, SCV  
  76  6:58  Terran Infantry Weapons Level 1  
  76  6:59  SCV  
  77  7:02  Marine  
  77  7:05  SCV  
  79  7:15  SCV  
  77  7:17  SCV  
  77  7:20  Marine  
  74  7:27  SCV  
  74  7:29  SCV  
  66  7:38  Marine x3  
  66  7:39  SCV  
  66  7:41  SCV  
  66  7:42  Stimpack, Barracks Tech Lab  
  71  7:51  SCV  
  71  7:57  SCV  
  73  8:04  Marine x3  
  73  8:05  Marauder  
  73  8:14  Factory Reactor  
  73  8:15  Starport Reactor  
  70  8:22  Marine  
  62  8:27  Marine  
  62  8:31  Orbital Command, Marine  
  62  8:33  Marine  
  64  8:37  SCV  
  64  8:40  Marine  
  66  8:45  Marine  
  66  8:49  SCV  
  66  8:53  Viking  
  68  8:57  Medivac  
  68  9:01  SCV  
  69  9:08  SCV  
  61  9:13  Marine, SCV  
  51  9:20  SCV  
  51  9:22  Marine  
  53  9:25  SCV  
  53  9:27  Medivac  
  56  9:32  Marine, SCV  
  56  9:33  Marine  
  59  9:39  Medivac  
  61  9:56  Marine  
  61  9:57  Marauder  
  61  9:58  SCV  
  61  9:59  SCV  
  66  10:02  Marine x2  
  67  10:10  SCV  
  67  10:11  SCV  
  67  10:14  Marine  
  67  10:18  Marine  
  67  10:19  Marine  
  67  10:20  Marine  
  68  10:32  Marine  
  64  10:36  Marauder  
  64  10:37  Marine  
  64  10:38  Marine  
  64  10:47  SCV  
  64  10:50  Marine  
  65  10:55  Marine  
Show
View Real Time Build Order
Export as new Build Order

poizon Protoss - Winner!

Build Orders:  

Get SALT Encoding   

  12  0:01  Probe (Chrono Boost)  
  13  0:19  Probe (Chrono Boost)  
  13  0:20  Pylon  
  14  0:29  Probe (Chrono Boost)  
  15  0:39  Gateway  
  15  0:40  Probe (Chrono Boost)  
  16  0:45  Assimilator  
  16  0:54  Probe (Chrono Boost)  
  17  0:57  Assimilator  
  17  1:05  Probe (Chrono Boost)  
  18  1:11  Gateway  
  18  1:16  Probe (Chrono Boost)  
  19  1:26  Probe (Chrono Boost)  
  19  1:31  Cybernetics Core  
  20  1:37  Probe (Chrono Boost)  
  21  1:44  Pylon  
  21  1:48  Probe (Chrono Boost)  
  22  1:58  Probe (Chrono Boost)  
  23  2:12  Adept x2  
  23  2:13  Warp Gate (Chrono Boost)  
  23  2:14  Probe (Chrono Boost)  
  28  2:38  Gateway  
  28  2:43  Stalker  
  30  2:44  Pylon  
  30  2:54  Pylon  
  30  3:02  Stalker  
  30  3:29  Probe  
  32  3:42  Gateway  
  31  4:03  Pylon  
  31  4:07  Adept x2  
  31  4:08  Adept  
  37  4:27  Adept  
  37  4:30  Adept x2  
  43  4:37  Adept  
  37  5:25  Adept x4  
  45  5:42  Probe (Chrono Boost), Robotics Facility  
  46  5:45  Nexus  
  46  5:46  Pylon  
  46  5:49  Pylon  
  46  5:53  Probe (Chrono Boost), Adept  
  46  5:54  Adept x3  
  55  6:02  Pylon  
  56  6:04  Probe (Chrono Boost)  
  56  6:07  Pylon  
  56  6:33  Probe (Chrono Boost)  
  56  6:39  Immortal (Chrono Boost)  
  53  6:50  Probe  
  54  6:56  Probe  
  54  7:01  Adept x4  
  59  7:02  Probe  
  59  7:07  Probe  
  69  7:37  Immortal (Chrono Boost)  
  69  7:39  Probe  
  69  7:41  Forge  
  70  7:49  Adept  
  70  7:50  Adept x2  
  70  7:51  Adept  
  78  8:11  Stalker x2, Immortal (Chrono Boost)  
  78  8:12  Stalker  
  88  8:13  Stalker  
  86  8:48  Stalker x3  
  81  8:49  Stalker  
  64  9:12  Mothership Core  
  64  9:14  Zealot x3  
  60  9:44  Stalker x2  
  64  9:45  Sentry  
  66  9:53  Sentry  
  66  9:59  Probe  
  69  10:20  Stalker x2  
  73  10:47  Probe  
  73  10:48  Probe  
Show
View Real Time Build Order
Export as new Build Order

Lightning Protoss 

Build Orders: Mass Adepts 

Get SALT Encoding   

  12  0:01  Probe (Chrono Boost)  
  13  0:11  Probe (Chrono Boost)  
  14  0:17  Pylon  
  14  0:22  Probe (Chrono Boost)  
  16  0:35  Probe (Chrono Boost)  
  16  0:37  Gateway  
  16  0:42  Assimilator  
  16  0:46  Probe (Chrono Boost)  
  17  0:57  Probe (Chrono Boost)  
  18  1:01  Gateway  
  18  1:07  Probe (Chrono Boost)  
  18  1:10  Assimilator  
  19  1:18  Probe (Chrono Boost)  
  20  1:24  Cybernetics Core  
  20  1:28  Probe (Chrono Boost)  
  21  1:39  Probe (Chrono Boost)  
  22  1:44  Pylon  
  22  1:49  Probe (Chrono Boost)  
  23  2:01  Warp Gate (Chrono Boost)  
  23  2:04  Adept x2 (Chrono Boost)  
  27  2:16  Twilight Council  
  27  2:27  Adept x2  
  27  2:29  Pylon  
  31  2:37  Pylon  
  31  2:52  Resonating Glaives (Chrono Boost)  
  31  3:06  Gateway  
  31  3:18  Adept  
  31  3:19  Adept  
  35  3:28  Gateway  
  35  3:30  Pylon  
  33  3:42  Mothership Core, Gateway  
  35  3:58  Pylon  
  35  3:59  Adept x2  
  39  4:11  Adept, Pylon  
  41  4:23  Adept  
  43  4:26  Adept x2  
  47  4:49  Adept x3  
  53  4:55  Stalker  
  55  5:04  Stalker  
  57  5:13  Adept  
  58  5:20  Stalker  
  60  5:27  Pylon  
  57  5:35  Stalker  
  55  5:58  Stalker  
  55  6:02  Probe (Chrono Boost)  
  56  6:27  Robotics Facility  
  51  6:47  Probe (Chrono Boost)  
  52  7:21  Warp Prism (Chrono Boost)  
  52  7:39  Probe  
  53  7:52  Probe  
  53  7:55  Observer (Chrono Boost)  
  55  8:05  Adept  
  55  8:06  Adept x3  
  55  8:07  Adept  
  50  8:54  Stalker x2  
  50  8:55  Stalker  
  30  9:22  Probe  
  30  9:23  Stalker x3  
  33  9:27  Robotics Facility  
  27  9:33  Probe  
  28  9:43  Probe  
  29  9:57  Probe  
  30  10:07  Adept x2  
  30  10:08  Adept  
  32  10:37  Adept x2  
  32  10:38  Adept  
Show
View Real Time Build Order
Export as new Build Order

NightEnD Protoss 

Build Orders: Mass Adepts 

Get SALT Encoding   

  12  0:01  Probe (Chrono Boost)  
  13  0:11  Probe (Chrono Boost)  
  14  0:19  Pylon  
  14  0:22  Probe (Chrono Boost)  
  15  0:37  Probe (Chrono Boost)  
  15  0:38  Gateway  
  16  0:45  Assimilator  
  16  0:48  Probe (Chrono Boost)  
  17  0:55  Assimilator  
  17  0:58  Probe (Chrono Boost)  
  18  1:09  Probe (Chrono Boost)  
  19  1:15  Gateway  
  19  1:19  Probe (Chrono Boost)  
  20  1:26  Cybernetics Core  
  20  1:30  Probe (Chrono Boost)  
  21  1:39  Pylon  
  21  1:41  Probe (Chrono Boost)  
  22  1:52  Probe (Chrono Boost)  
  23  2:03  Adept x2  
  23  2:06  Warp Gate (Chrono Boost)  
  27  2:09  Mothership Core  
  29  2:16  Pylon  
  29  2:30  Adept  
  29  2:34  Adept  
  33  2:41  Twilight Council  
  33  2:54  Robotics Facility  
  33  3:05  Adept  
  35  3:06  Adept  
  37  3:19  Resonating Glaives (Chrono Boost)  
  37  3:39  Gateway  
  37  3:41  Gateway  
  37  3:42  Observer (Chrono Boost)  
  38  3:58  Pylon  
  38  4:01  Observer (Chrono Boost)  
  39  4:17  Adept x2  
  43  4:29  Probe  
  42  4:37  Pylon  
  42  4:44  Adept x2  
  46  4:47  Pylon  
  46  5:06  Gateway  
  46  5:12  Adept  
  46  5:13  Adept x3  
  54  5:42  Warp Prism  
  54  5:47  Pylon  
  56  6:11  Adept x5  
  66  6:31  Pylon  
  64  7:01  Adept  
  64  7:02  Adept x4  
  68  7:32  Adept x5  
  68  7:36  Observer (Chrono Boost)  
  75  8:01  Adept x2  
  77  8:36  Pylon  
  77  8:37  Pylon  
  67  8:51  Adept  
  67  8:52  Adept  
  69  9:00  Adept x2  
  61  9:15  Adept  
  61  9:16  Adept  
  43  9:35  Adept x2  
  43  9:36  Adept x2  
  45  9:59  Adept x4  
  45  10:24  Adept x3  
  45  10:25  Adept  
Tags
 
Add a new tag
Caveats
  • Supply blocks, unpowered buildings, or Contaminate may cause inaccurate times.
  • Supply counts are checked every 10 seconds.